 Dungeon Crawl Stone Soup version 0.29-a0-775-g4d7333d4e2 (webtiles) character file.

Game seed: 2138240261941844927

56 purpskrrrp the Charlatan (level 3, 0/18 HPs)
             Began as a Spriggan Wanderer on July 2, 2022.
             Succumbed to an adder's poison
             ... on level 2 of the Dungeon.
             The game lasted 00:09:20 (1681 turns).

purpskrrrp the Charlatan (Spriggan Wanderer)        Turns: 1681, Time: 00:09:21

Health: 0/18       AC:  2    Str:  5    XL:     3   Next: 69%
Magic:  6/6        EV: 17    Int: 11    God:
Gold:   67         SH:  0    Dex: 21    Spells: 3/4 levels left

rFire   . . .      SeeInvis +   h - +3 spear (vamp)
rCold   . . .      Faith    .   (no shield)
rNeg    . . .      Spirit   .   d - +0 robe
rPois   .          Reflect  .   b - +0 hat
rElec   .          Harm     .   (no cloak)
rCorr   .          Rampage  .   (gloves unavailable)
Will    .....                   (boots unavailable)
Stlth   ++........              (no amulet)
HPRegen 0.06/turn               (no ring)
MPRegen 0.10/turn               (no ring)

@: lethally poisoned (0 -> -8), about to teleport, very quick
A: very small, no large weapons, unfitting armour, see invisible, speed 3
a: no special abilities


You were on level 2 of the Dungeon.
You visited 1 branch of the dungeon, and saw 2 of its levels.

You collected 67 gold pieces.

Inventory:

Hand Weapons
 a - a +0 dagger of flaming
 h - a +3 vampiric spear (weapon)
Armour
 b - a +0 hat (worn)
 d - a +0 robe (worn)
Jewellery
 i - an amulet of faith
Scrolls
 c - a scroll of enchant armour {unknown}
 f - 3 scrolls of vulnerability {unknown}
 g - a scroll of teleportation
Potions
 j - a potion of might {unknown}
 k - a potion of berserk rage {unknown}
Miscellaneous
 e - a condenser vane (inert)


   Skills:
 + Level 1.0 Fighting
 + Level 1.0 Throwing
 + Level 2.0 Dodging
 * Level 1.8 Stealth
 + Level 1.3 Spellcasting
 + Level 2.8 Transmutations
 + Level 0.2 Poison Magic
 * Level 5.8 Evocations


You had 3 spell levels left.
You knew the following spells:

 Your Spells              Type           Power      Damage    Failure   Level
a - Sting                 Tmut/Pois      16%        1d3       17%         1

Your spell library contained the following spells:

 Spells                   Type           Power      Damage    Failure   Level
 Spider Form              Tmut/Pois      4%         N/A       45%         3


Dungeon Overview and Level Annotations

Branches:
Dungeon (2/15)

Altars:


Innate Abilities, Weirdness & Mutations

You are very small and have problems with some larger weapons.
You are too small for most types of armour.
You have supernaturally acute eyesight. (SInv)
You cover ground extremely quickly. (Speed+++)


Message History

You see here a ball python corpse.
You reach to attack!
The helpless adder fails to defend itself.
You hit the adder.
The adder is lightly wounded.
The adder barely misses you.
You barely miss the adder.
The adder is lightly wounded.
The adder bites you.
You miss the adder.
The adder is lightly wounded.
The adder misses you. The adder bites you.
You hit the adder.
You feel better.
The adder is moderately wounded.
The adder bites you but does no damage.
You barely miss the adder.
The adder is moderately wounded.
The adder misses you.
You barely miss the adder.
The adder is moderately wounded.
The adder bites you. x2
You are poisoned.
The adder poisons you!
You barely miss the adder.
The adder is moderately wounded.
You feel sick. The adder bites you.
You are lethally poisoned!
The adder poisons you!
You are too injured to fight recklessly!
You are too injured to fight recklessly!
You are too injured to fight recklessly!
You closely miss the adder.
The adder is moderately wounded.
* * * LOW HITPOINT WARNING * * *
You feel very sick. The adder completely misses you. The adder bites you.
* * * LOW HITPOINT WARNING * * *
As you read the scroll of teleportation, it crumbles to dust.
You feel strangely unstable.
You die...

#<. #.# #.#
#.# #.#
###.#
###...##
#......#
#@#>##.#
#S#.##.#
#.#.>#.#
#.##.#.#
#......#
####.####
#.......#
### ####
#.##.##.....
... ..####
#.##.# ....


You could see an adder.

Vanquished Creatures
  A hound (D:2)
  A bat (D:1)
  2 endoplasms
  6 giant cockroaches
  A hobgoblin (D:1)
  3 quokkas
  2 ball pythons (D:2)
  A frilled lizard (D:2)
  3 goblins (D:2)
  2 kobolds
  A rat (D:1)
23 creatures vanquished.

Notes
Turn   | Place    | Note
-------+----------+-------------------------------------------
     0 | D:1      | purpskrrrp the Spriggan Wanderer began the quest for the
                  | Orb.
     0 | D:1      | purpskrrrp set off with the following items: a +0 dagger, a
                  | +0 hat, a potion of curing, a +0 robe, a condenser vane;
                  | and the following spell memorised: Sting; and the following
                  | spells available to memorise: Spider Form.
     0 | D:1      | Reached XP level 1. HP: 10/10 MP: 3/3
   692 | D:1      | Reached XP level 2. HP: 7/14 MP: 5/5
   960 | D:1      | Found a faded altar of an unknown god.
  1162 | D:1      | You fall into a shaft and drop 1 floor!
  1290 | D:2      | Reached skill level 5 in Evocations
  1290 | D:2      | Reached XP level 3. HP: 9/18 MP: 6/6
  1681 | D:2      | Succumbed to an adder's poison

Illustrated notes

Levels and vault maps discovered:
D:1:      dpeg_arrival_tiny_g, layout_basic, nicolae_ecumenical_lake_church
D:2:      layout_loops_cross, minmay_misc_feat_columns

Skill      XL: |  1  2  3 |
---------------+----------+-----
Evocations     | 5 |  5.8
Dodging        | 2 |  2.0
Fighting       | |  1.0
Throwing       | |  1.0
Stealth        | |  1.8
Spellcasting   | |  1.3
Transmutations | |  2.8
Poison Magic   | |  0.2

Action                   || total
-------------------------++-------
Melee: Dagger            ||    55
       Spear             ||    45
 Cast: Sting             ||     1
Evoke: Condenser vane    ||     1
  Use: Scroll            ||     3
       Potion            ||     1
 Stab: Sleeping          ||     5
Armor: Robe              ||    16
Dodge: Dodged            ||    86

Table legend: (Time is in decaauts)
 A = Elapsed time spent in this place.
 B = Non-inter-level travel time spent in this place.
 C = Inter-level travel time spent in this place.
 D = Time resting spent in this place.
 E = Time spent auto-exploring this place.
 F = Levels seen in this place.
 G = Mean time per level.
                   A        B        C        D        E       F      G
               +--------+--------+--------+--------+--------+-----+--------+
         Total |   1419 |   1417 |      2 |    414 |    813 |   2 |  709.5 |
       Dungeon |   1419 |   1417 |      2 |    414 |    813 |   2 |  709.5 |
               +--------+--------+--------+--------+--------+-----+--------+

Top non-repeatable levels by time:
     D:1: 1011 daAuts
     D:2: 408 daAuts
